Map: Cactus Valley LE (Void)

Players

Musumeci - Winner!

  • Race: Zerg Zerg
  • League: Diamond
  • Spawn Location: 11:00

MichyMoko

  • Race: Zerg Zerg
  • Spawn Location: 1:00

VOD

Have the link to the VOD?

Description

Time

  • Played on: March 23, 2017, 3:46 p.m.
  • Length: 5:14
Show
View Real Time Build Order
Export as new Build Order

Musumeci Zerg - Winner!

Build Orders: Hatch First 

Get SALT Encoding   

  12  0:00  Drone  
  13  0:12  Overlord  
  13  0:22  Drone  
  13  0:25  Drone, Extractor  
  15  0:31  Drone  
  15  0:34  Drone  
  17  0:55  Hatchery  
  16  0:59  Drone, Extractor  
  17  1:12  Spawning Pool  
  17  1:15  Drone  
  17  1:16  Extractor  
  16  1:20  Drone  
  16  1:23  Drone  
  18  1:27  Drone  
  19  1:38  Overlord  
  19  1:50  Drone  
  20  1:59  Queen  
  22  2:01  Zergling x2  
  22  2:06  Queen  
  22  2:08  Drone  
  26  2:13  Drone  
  26  2:30  Zergling x6  
  26  2:34  Metabolic Boost  
  25  3:03  Queen  
  25  3:04  Drone x5  
  32  3:12  Baneling Nest  
  31  3:29  Zergling x10  
  36  3:56  Overlord  
  36  3:57  Overlord  
  34  4:13  Zergling x2  
  34  4:14  Overlord  
  35  4:17  Zergling x16  
  40  4:33  Zergling x4  
  40  4:35  Baneling x3  
  40  4:36  Baneling x2  
Show
View Real Time Build Order
Export as new Build Order

MichyMoko Zerg 

Build Orders: Pool First 

Get SALT Encoding   

  12  0:21  Spawning Pool  
  11  0:25  Drone  
  11  0:28  Drone  
  13  0:32  Drone  
  14  0:40  Overlord  
  14  0:48  Extractor  
  14  0:50  Drone  
  14  0:53  Extractor  
  13  0:58  Drone  
  15  1:08  Queen  
  17  1:15  Zergling x2  
  18  1:23  Zergling x2  
  19  1:35  Zergling x2  
  20  1:43  Zergling x2  
  21  1:53  Zergling x2  
  22  2:16  Overlord x2  
  20  2:32  Zergling x2  
  20  2:36  Drone x2  
  23  2:43  Metabolic Boost  
  23  2:47  Zergling x2  
  23  3:02  Zergling x4  
  24  3:16  Queen  
  24  3:18  Overlord  
  26  3:23  Hatchery  
  25  3:47  Drone x2  
  27  3:49  Drone  
  28  4:01  Zergling x6  
  27  4:07  Zergling x2  
  28  4:21  Spine Crawler, Zergling x2  
  26  4:39  Zergling x2  
  26  4:41  Overlord x2  
  27  4:47  Roach Warren  
  27  4:50  Drone  
Tags
 
Add a new tag
Caveats
  • Supply blocks, unpowered buildings, or Contaminate may cause inaccurate times.
  • Supply counts are checked every 10 seconds.